 Dungeon Crawl Stone Soup version 0.20.1-1-g8b1a95d (webtiles) character file.

305059 RKaid the Bludgeoner (level 22, -2/176 HPs)
             Began as a Formicid Venom Mage on July 31, 2017.
             Was the Champion of Lugonu.
             Shot with a bolt by a yaktaur captain (28 damage)
             ... on level 3 of the Vaults on Aug 2, 2017.
             The game lasted 04:53:08 (74816 turns).

RKaid the Bludgeoner (Formicid Venom Mage)         Turns: 74816, Time: 04:53:08

Health: -2/176     AC: 25    Str: 20    XL:     22   Next: 5%
Magic:  34/34      EV: 23    Int: 22    God:    Lugonu [******]
Gold:   2240       SH: 21    Dex: 11    Spells: 7/33 levels left

rFire    . . .     SeeInvis +   b - +3 great mace (elec)
rCold    + . .     Gourm    .   f - +2 large shield {AC+3}
rNeg     . . .     Faith    .   R - +2 acid dragon scales
rPois    .         Spirit   .   (helmet unavailable)
rElec    +         Reflect  .   h - +1 cloak of Starlight {rElec rC+ EV+4 Stlth--}
rCorr    +         Harm     .   k - +1 pair of gloves
MR       ++...     Clarity  +   P - +2 pair of boots {Fly}
Stlth    ..........             H - amulet of magic regeneration {+MPregen}
Regen    0.4/turn               u - +4 ring of evasion
MPRegen  0.4/turn               O - ring of wizardry {Wiz+}

@: flayed, flying, drained
A: permanent stasis, dig shafts and tunnels, four strong arms, antennae 3, claws
1, hooves 2, molten scales 1, clarity, clever 2
}: 2/15 runes: decaying, serpentine
a: Dig, Shaft Self, Depart the Abyss, Bend Space, Banish, Corrupt, Enter the
Abyss, Brand Weapon With Distortion, Renounce Religion, Stop Flying


You were on level 3 of the Vaults.
You worshipped Lugonu.
Lugonu was exalted by your worship.
You were not hungry.

You visited 7 branches of the dungeon, and saw 36 of its levels.
You visited the Abyss 2 times.
You also visited: Ossuary.

You collected 3571 gold pieces.
You spent 1331 gold pieces at shops.

Inventory:

Hand Weapons
 a - a +4 lajatang of venom
   (You took it off Agnes on level 4 of the Snake Pit)
 b - a +3 great mace of electrocution (weapon)
   (You took it off an orc knight on level 2 of the Orcish Mines)
 g - the +4 war axe "Juokowuo" {chop, rC- MR+ Str+2 SInv}
   (You took it off an orc on level 4 of the Dungeon)

   It inflicts extra damage upon your enemies.
   It affects your strength (+2).
   It makes you vulnerable to cold.
   It affects your resistance to hostile enchantments.
   It lets you see invisible.
 w - a +2 mace of holy wrath
   (You found it on level 3 of the Dungeon)
 Q - a +5 whip of slashing
   (You took it off a kobold on level 4 of the Dungeon)
Missiles
 c - 4 steel javelins (quivered)
 J - a throwing net {=f}
Armour
 f - a +2 large shield of protection (worn)
   (You took it off Louise on level 15 of the Dungeon)
 h - the +1 cloak of Starlight (worn) {rElec rC+ EV+4 Stlth--}
   (You bought it in a shop on level 1 of the Orcish Mines)

   It affects your evasion (+4).
   It protects you from cold.
   It insulates you from electricity.
   It makes you much less stealthy.
 k - a +1 pair of gloves (worn)
   (You found it on level 1 of the Dungeon)
 I - a scarf of repulsion
   (You found it on level 1 of the Vaults)
 P - a +2 pair of boots of flying (worn)
   (You found it on level 6 of the Lair of Beasts)
 R - +2 acid dragon scales (worn)
   (You found it on level 1 of the Vaults)
 Z - a scarf of resistance
   (You acquired it on level 2 of the Lair of Beasts)
Magical Staves
 U - an uncursed staff of poison {rPois}
   (You took it off a crimson imp on level 9 of the Dungeon)
Jewellery
 l - an uncursed ring of protection from cold {rC+}
   (You found it on level 3 of the Lair of Beasts)
 u - a +4 ring of evasion (left hand)
   (You found it on level 8 of the Dungeon)
 y - an uncursed ring of protection from fire {rF+}
   (You found it on level 2 of the Lair of Beasts)
 G - an uncursed ring of resist corrosion
   (You found it on level 2 of the Lair of Beasts)
 H - an amulet of magic regeneration (around neck) {+MPregen}
   (You found it on level 12 of the Dungeon)
 O - a ring of wizardry (right hand) {Wiz+}
   (You found it on level 6 of the Dungeon)
Wands
 p - a wand of clouds (4/9)
   (You found it on level 3 of the Vaults)
 x - a wand of iceblast (4/15)
   (You found it on level 1 of the Swamp)
 A - a wand of acid (5/15)
   (You found it on level 3 of the Lair of Beasts)
 C - a wand of clouds (5/9)
   (You took it off a naga on level 1 of the Snake Pit)
 S - a wand of paralysis (12/24)
   (You found it on level 4 of the Lair of Beasts)
 T - a wand of acid (6/15)
   (You found it on level 5 of the Lair of Beasts)
Scrolls
 e - 7 scrolls of enchant armour
 o - 5 scrolls of remove curse
 r - 3 scrolls of magic mapping {!r}
 s - a scroll of summoning
 t - a scroll of silence
 W - a scroll of fear
 X - 3 scrolls of recharging
Potions
 i - a potion of invisibility {unknown}
 n - 5 potions of cancellation
 q - 4 potions of curing
 v - 7 potions of lignification {!q}
 B - 2 potions of mutation {!q!q}
 F - a potion of heal wounds
 K - 2 potions of agility
 L - 3 potions of might
 N - 2 potions of brilliance
 Y - 2 potions of magic
Miscellaneous
 d - a lamp of fire
   (You found it on level 14 of the Dungeon)
 z - a sack of spiders
 D - a lightning rod (4/4)
   (You found it on level 1 of the Vaults)
 E - a phial of floods
   (You found it on level 2 of the Lair of Beasts)
 V - a fan of gales
   (You found it on level 9 of the Dungeon)
Comestibles
 m - 10 meat rations


   Skills:
 - Level 15.5(15.4) Fighting
 - Level 20.0(19.8) Maces & Flails
 - Level 1.5(13.5) Staves
 + Level 12.5(12.3) Armour
 - Level 9.0(8.8) Dodging
 - Level 3.0(2.9) Stealth
 - Level 15.0(14.8) Shields
 - Level 6.0(5.9) Spellcasting
 - Level 7.0(6.8) Conjurations
 - Level 5.0(4.9) Hexes
 - Level 2.3(2.2) Air Magic
 - Level 8.3(8.2) Poison Magic
 + Level 17.8(17.6) Invocations


You had 7 spell levels left.
You knew the following spells:

 Your Spells              Type           Power        Failure   Level  Hunger
a - Sting                 Conj/Pois      ####         1%          1    None
b - Poisonous Vapours     Pois/Air       ####..       1%          2    None
c - Mephitic Cloud        Conj/Pois/Air  ####....     1%          3    #......
d - Olgreb's Toxic Radia  Pois           #####...     1%          4    ###....
e - Venom Bolt            Conj/Pois      #####.....   6%          5    #####..
f - Cause Fear            Hex            ####......   6%          4    ###....
A - Swiftness             Chrm/Air       ##......     4%          2    None
B - Passwall              Tmut/Erth      #.........   7%          2    None
C - Regeneration          Chrm/Necr      #.........   14%         3    #......


Dungeon Overview and Level Annotations

Branches:
Dungeon (15/15)            Temple (1/1) D:4            Lair (6/6) D:11
  Swamp (4/4) Lair:2        Snake (4/4) Lair:3        Slime (0/5) Lair:6
    Orc (2/2) D:9             Elf (0/3) Orc:2        Vaults (4/5) D:14
  Crypt (0/3) Vaults:3     Depths (0/5) D:15

Altars:
Ashenzari
Cheibriados
Dithmenos
Elyvilon
Fedhas
Gozag
Hepliaklqana
Kikubaaqudgha
Makhleb
Nemelex Xobeh
Okawaru
Qazlal
Ru
Sif Muna
Trog
Uskayaw
Vehumet
Xom
Yredelemnul
Zin
The Shining One
Beogh
Jiyva
Lugonu

Shops:
D:9 *   D:15 :   Orc:1 [:   Orc:2 %%((   Snake:1 =}=   Snake:4 (   Vaults:1 }

Annotations:
D:2 exclusion: adder
D:8 exclusion: cyclops
D:14 2 transporters
D:15 exclusion: 2 obsidian statues
Lair:6 1 runed door
Swamp:4 corrupted
Snake:1 exclusion: Roxanne, Roxanne
Vaults:1 corrupted
Abyss:1 Rupert


Innate Abilities, Weirdness & Mutations

You cannot be hasted, slowed, berserked, paralysed or teleported.
You can dig through walls and to a lower floor.
Your four strong arms can wield two-handed weapons with a shield.
You have a pair of large antennae on your head. (SInv)
You have sharp fingernails.
You have hoof-like feet.
You are partially covered in molten scales. (AC +2)
You possess an exceptional clarity of mind.
Your mind is very acute. (Int +4)


Message History

The entropy weaver misses you.
The entropy weaver completely misses you.
The entropy weaver hits you but does no damage.
You sock the entropy weaver!
You block the entropy weaver's attack. x2
The entropy weaver barely misses you.
The entropy weaver completely misses you.
You closely miss the entropy weaver.
The komodo dragon bites you but does no damage.
The entropy weaver gestures wildly while chanting.
You hit the entropy weaver.
Lightning courses through the entropy weaver!
You block the komodo dragon's attack.
The entropy weaver casts a spell.
You bludgeon the entropy weaver!!
You kill the entropy weaver!
Lugonu accepts your kill.
The yaktaur looks more healthy.
You block the komodo dragon's attack.
You bludgeon the wolf spider!!
Lightning courses through the wolf spider!
You block the wolf spider's attack. x2
You barely miss the wolf spider. You block the wolf spider's attack. x2
The komodo dragon bites you but does no damage.
You bludgeon the wolf spider!!
You kill the wolf spider!
Lugonu accepts your kill. You block the komodo dragon's attack.
The yaktaur wields an arbalest.
The yaktaur shoots a bolt.
The bolt hits you.
You hit the komodo dragon but do no damage.
Lightning courses through the komodo dragon!
You barely miss the komodo dragon. You block the komodo dragon's attack.
The ironheart preserver mumbles some strange words.
The ironheart preserver begins to accept its allies' injuries.
You hit the komodo dragon but do no damage.
The komodo dragon completely misses you.
You block the ironheart preserver's attack.
You hit the komodo dragon but do no damage.
You sock the komodo dragon! You block the komodo dragon's attack.
The ironheart preserver closely misses you.
You bludgeon the komodo dragon!!
Lightning courses through the komodo dragon!
You kill the komodo dragon!
Lugonu accepts your kill.
You bludgeon the ironheart preserver!!
The ironheart preserver mumbles some strange words.
The ironheart preserver is healed somewhat.
You barely miss the ironheart preserver.
The yaktaur misses you.
You barely miss the ironheart preserver.
You block the ironheart preserver's attack.
The flayed ghost stares at you with tortured malice.
Terrible wounds open up all over your body!
You sock the ironheart preserver! The yaktaur barely misses you.
The ironheart preserver mumbles some strange words.
The ironheart preserver is healed somewhat.
You sock the ironheart preserver! You hit the ironheart preserver.
The ironheart preserver closely misses you.
The flayed ghost cries, "Feel what I felt!"
Terrible wounds spread across more of your body!
You block the yaktaur's attack.
You hit the ironheart preserver. You sock the ironheart preserver!
Lightning courses through the ironheart preserver!
You block the ironheart preserver's attack.
You block the yaktaur's attack.
You bludgeon the ironheart preserver!!
The ironheart preserver looks more healthy.
You sock the ironheart preserver!
Lightning courses through the ironheart preserver!
You kill the ironheart preserver!
Lugonu accepts your kill. You block the yaktaur's attack.
You sock the flayed ghost! You miss the flayed ghost.
The flayed ghost completely misses you. You block the yaktaur's attack.
You closely miss the flayed ghost.
The flayed ghost stares at you with tortured malice.
Terrible wounds spread across more of your body!
You miss the flayed ghost. The flayed ghost hits you!!
* * * LOW HITPOINT WARNING * * *
You bludgeon the flayed ghost!! You block the yaktaur's attack.
The flayed ghost cries, "Suffer as I suffered!"
Terrible wounds spread across more of your body!
* * * LOW HITPOINT WARNING * * *
The yaktaur captain wields an arbalest.
The yaktaur captain shoots a bolt.
You block the bolt.
There is a stone staircase leading up, spattered with blood here.
You barely miss the yaktaur.
The flayed ghost cries, "Feel what I felt!"
The yaktaur barely misses you.
You sock the yaktaur captain! The yaktaur hits you with an arbalest!
* * * LOW HITPOINT WARNING * * *
The yaktaur captain unwields an uncursed arbalest.
You block the yaktaur captain's attack.
You fly upwards.
There is a stone staircase leading down here.
The yaktaur captain wields an uncursed arbalest.
The yaktaur captain shoots a bolt.
The bolt hits you!!
You die...

#...####..)(# #....##...[.#
#...........# #..........##
############'########## #....#
#....#.)..(..### #######....##
##....#.).......#
......#.....###..>c.'.)(......#
......'.........@.c.##).#)##..###
......###.........####..#))#..#..
......# ##.......## #..#()#..#..
......# #.......# ####))##'#..
......# ##.......## #........
......###.........### #)).)....
......#(............# ####.....
......#.....###.....# ####'#+##
#######....## ##....# #........


You could see a yaktaur captain and a yaktaur.

Vanquished Creatures
  Vashnia (Snake:2)
  A tentacled monstrosity (Swamp:4)
  A lich (Vaults:2)
  Gastronok (Lair:1)
  Agnes (Snake:4)
  A sphinx (Vaults:2)
  14 nagarajas
  5 vault wardens
  An orc warlord (Orc:2)
  Louise (D:15)
  10 ironheart preservers
  3 entropy weavers
  2 very ugly things (Swamp:4)
  2 stone giants
  A deep elf demonologist (Vaults:3)
  2 deep elf annihilators
  2 dire elephants (Lair:6)
  2 green deaths (Swamp:4)
  Josephine (D:13)
  A deep elf death mage (Vaults:2)
  3 yaktaur captains
  2 great orbs of eyes (Vaults:2)
  18 naga warriors
  A fire dragon (Vaults:1)
  A rakshasa (Vaults:1)
  8 vault guards
  2 ghost crabs
  Erica (D:9)
  2 ice dragons
  9 anacondas
  9 centaur warriors
  9 hydras
  25 two-headed ogres
  8 alligators
  7 ogre magi
  A deep troll earth mage (Vaults:3)
  6 death yaks
  20 naga sharpshooters
  5 shock serpents
  A tengu warrior (D:15)
  5 orc high priests
  The ghost of Nattfarinn the Archer, a novice CeHu (D:11)
  9 deep elf knights
  7 salamander mystics
  A sea snake (Snake:1)
  A shambling mangrove (Swamp:4)
  4 deep elf archers
  A deep troll (shapeshifter) (Vaults:2)
  A glowing orange brain (shapeshifter) (Vaults:3)
  6 wizards
  9 swamp dragons
  3 unseen horrors
  A flayed ghost (Vaults:2)
  3 deep trolls (Vaults:3)
  4 lindwurms (Lair:2)
  3 harpies (Vaults:2)
  10 ironbrand convokers
  13 naga ritualists
  16 orc knights
  6 orc sorcerers
  20 ugly things
  A necromancer (Vaults:1)
  6 deep elf magi
  4 cyclopes
  11 mana vipers
  3 wolf spiders
  2 large abominations (Swamp:4)
  18 salamanders
  4 manticores
  11 elephants
  4 guardian serpents
  29 naga magi
  5 vault sentinels
  An apocalypse crab (D:11)
  47 black mambas
  The ghost of bierdeckelkanne the Cleaver, a novice MiBe of Trog (D:4)
  The ghost of thefaint94 the Covert, a novice SpAs (D:6)
  An orange demon (Swamp:4)
  A gargoyle (D:15)
  6 centaur skeletons
  16 spiny frogs
  13 yaktaurs
  A yaktaur (shapeshifter) (Vaults:3)
  A kobold demonologist (D:14)
  4 rime drakes
  An efreet (D:15)
  A komodo dragon (shapeshifter) (Vaults:4)
  9 komodo dragons
  3 tengu conjurers
  2 freezing wraiths
  10 trolls
  2 human skeletons (Vaults:1)
  A queen bee (shapeshifter) (Vaults:3)
  A polar bear (Lair:6)
  A blink frog (shapeshifter) (Vaults:3)
  6 tyrant leeches
  12 bog bodies
  A dream sheep (shapeshifter) (Vaults:2)
  11 hornets
  5 hippogriffs
  29 slime creatures
  7 dream sheep (Lair:4)
  2 human simulacra (Vaults:1)
  The ghost of xhc the Digger, an amateur GrEE (D:5)
  8 shadows
  6 spriggans
  A tarantella (Vaults:3)
  7 redbacks (Vaults:3)
  7 wyverns
  A hog (shapeshifter) (Vaults:3)
  4 hogs (D:7)
  A human (D:7)
  4 wraiths
  24 yaks
  A hungry ghost (D:8)
  9 basilisks
  A yaktaur simulacrum (Vaults:1)
  Grum (Lair:1)
  17 vampire mosquitoes
  10 wargs
  60 nagas
  2 acid dragons
  11 insubstantial wisps
  16 swamp worms
  9 water moccasins
  10 porcupines
  An ice beast (shapeshifter) (Vaults:2)
  52 orc warriors
  2 sky beasts
  7 swamp drakes
  4 ice beasts
  2 necrophages
  An eye of draining (D:13)
  40 ogres
  6 boggarts
  26 centaurs
  5 wolves
  14 crocodiles
  3 big kobolds
  A glowing shapeshifter simulacrum (Vaults:1)
  16 bullfrogs
  2 wyvern skeletons
  6 scorpions
  A water moccasin skeleton (D:5)
  15 killer bees
  3 wights (D:10)
  2 electric eels
  A howler monkey (shapeshifter) (D:14)
  8 howler monkeys
  9 crimson imps
  2 bullfrog zombies
  A quasit (D:8)
  44 orc priests
  5 centaur zombies
  9 hounds
  3 jellies
  5 iguanas
  2 bullfrog skeletons
  Natasha (thrice) (D:3)
  27 orc wizards
  11 worker ants
  2 hound zombies (D:9)
  A hound skeleton (D:8)
  9 mummies
  16 adders
  12 gnolls (D:6)
  A gnoll (shapeshifter) (Vaults:3)
  2 shadow imps (D:13)
  2 oozes
  4 worms
  2 dart slugs
  8 leopard geckos
  159 orcs
  13 bats
  5 giant cockroaches
  8 goblins
  7 hobgoblins
  9 jackals
  40 kobolds
  9 quokkas
  2 ball pythons
  A ball python skeleton (D:5)
  5 frilled lizards
  2 gnoll zombies (Ossuary)
  2 hobgoblin zombies (Ossuary)
  3 kobold zombies (Ossuary)
  An orc zombie (Ossuary)
  A quokka skeleton (D:5)
  4 rats
  5 plants (Lair:6)
1495 creatures vanquished.

Vanquished Creatures (collateral kills)
  A hippogriff (Lair:6)
  A spriggan (Swamp:3)
2 creatures vanquished.

Vanquished Creatures (others)
  3 thorn hunters
  A vault warden (Vaults:1)
  A fire dragon (Vaults:1)
  6 hydras (Swamp:4)
  A vault guard (D:14)
  2 ice dragons (D:15)
  A rakshasa (Vaults:1)
  3 naga warriors
  A ghost crab (Swamp:3)
  A two-headed ogre (Vaults:1)
  3 alligators (Swamp:4)
  A tengu warrior (Swamp:2)
  6 shock serpents
  A deep elf knight (Vaults:2)
  A swamp dragon (Swamp:4)
  A spriggan druid (Swamp:4)
  An ironbrand convoker (Vaults:1)
  An orc knight (Vaults:1)
  A harpy (shapeshifter) (Vaults:1)
  2 cyclopes
  A spiny frog (Swamp:4)
  2 orange demons (Swamp:4)
  A komodo dragon (shapeshifter) (Vaults:1)
  A tengu conjurer (Swamp:2)
  A tyrant leech (Swamp:4)
  4 slime creatures
  A spriggan (Swamp:4)
  3 vampire mosquitoes (Swamp:2)
  2 nagas
  2 swamp worms (Swamp:4)
  An acid dragon (Vaults:1)
  An orc warrior (Vaults:1)
  A boggart (Vaults:1)
  An ogre (Vaults:3)
  2 electric eels (Snake:1)
  3 orc wizards
  An adder (D:6)
  An adder skeleton (D:4)
  A ball lightning (Vaults:3)
  2 orcs (Vaults:1)
  4 briar patches
  16 fungi
  20 plants
  2 starspawn tentacles (Swamp:4)
112 creatures vanquished.

Grand Total: 1609 creatures vanquished

Notes
Turn   | Place    | Note
-------+----------+-------------------------------------------
     0 | D:1      | RKaid the Formicid Venom Mage began the quest for the Orb.
     0 | D:1      | Reached XP level 1. HP: 13/13 MP: 3/3
    73 | D:1      | Reached skill level 1 in Conjurations
   382 | D:1      | Reached XP level 2. HP: 19/19 MP: 0/5
   675 | D:1      | Learned a level 2 spell: Poisonous Vapours
  1379 | D:2      | Reached XP level 3. HP: 25/25 MP: 0/6
  1455 | D:2      | Reached skill level 1 in Fighting
  1580 | D:2      | Found a sparkling altar of Nemelex Xobeh.
  1703 | D:2      | Found a blossoming altar of Fedhas.
  1731 | D:2      | Reached XP level 4. HP: 32/32 MP: 2/8
  1880 | D:2      | Reached skill level 2 in Conjurations
  2272 | D:2      | Reached skill level 1 in Air Magic
  2958 | D:3      | Noticed a sky beast
  2975 | D:3      | Reached XP level 5. HP: 30/37 MP: 2/9
  3002 | D:3      | Killed a sky beast
  3002 | D:3      | Reached skill level 3 in Spellcasting
  3002 | D:3      | Reached skill level 2 in Air Magic
  3002 | D:3      | Reached XP level 6. HP: 21/43 MP: 0/10
  3170 | D:3      | Gained mutation: Your mind is acute. (Int +2) [mutagenic meat]
  3171 | D:3      | Gained mutation: Your mind is very acute. (Int +4) [mutagenic meat]
  3172 | D:3      | Gained mutation: You have large cloven feet. [mutagenic meat]
  3173 | D:3      | Gained mutation: You are partially covered in molten scales. (AC +2) [mutagenic meat]
  3193 | D:3      | Learned a level 3 spell: Mephitic Cloud
  3198 | D:3      | Learned a level 4 spell: Olgreb's Toxic Radiance
  3238 | D:3      | Reached skill level 2 in Fighting
  3268 | D:3      | Reached skill level 1 in Maces & Flails
  4029 | D:4      | Found a staircase to the Ecumenical Temple.
  4038 | Temple   | Entered the Ecumenical Temple
  4070 | Temple   | Became a worshipper of Lugonu the Unformed
  4070 | Temple   | Reached * piety under Lugonu
  4112 | D:4      | Found a stormy altar of Qazlal.
  4495 | D:4      | Reached skill level 5 in Poison Magic
  4592 | D:4      | Reached skill level 2 in Maces & Flails
  4592 | D:4      | Reached XP level 7. HP: 24/51 MP: 5/12
  4601 | D:4      | Reached skill level 3 in Fighting
  4783 | D:4      | Noticed bierdeckelkanne's ghost (novice MiBe)
  5092 | D:4      | Noticed Natasha
  5103 | D:3      | Killed Natasha
  5216 | D:4      | HP: 9/52 [bierdeckelkanne's ghost (8)]
  5231 | D:3      | Noticed Natasha
  5234 | D:3      | Killed Natasha
  5726 | D:4      | Reached skill level 3 in Maces & Flails
  6058 | D:4      | Reached skill level 4 in Spellcasting
  6206 | D:4      | Reached skill level 4 in Fighting
  6206 | D:4      | Reached XP level 8. HP: 38/60 MP: 3/14
  6497 | D:4      | Reached ** piety under Lugonu
  6523 | D:3      | HP: 14/60 [orc/war axe (2)]
  6533 | D:3      | Reached skill level 4 in Maces & Flails
  6542 | D:3      | Noticed Natasha
  6711 | D:3      | Killed Natasha
  6823 | D:4      | Got a pitted war axe {chop}
  6959 | D:4      | HP: 11/60 [bierdeckelkanne's ghost (14)]
  6960 | D:4      | Killed bierdeckelkanne's ghost
  6960 | D:4      | Reached skill level 5 in Maces & Flails
  7251 | D:4      | Reached skill level 5 in Spellcasting
  7365 | D:4      | Learned a level 5 spell: Venom Bolt
  7426 | D:5      | Entered Level 5 of the Dungeon
  7427 | D:5      | Reached skill level 5 in Fighting
  7674 | D:5      | Reached skill level 6 in Maces & Flails
  7674 | D:5      | Reached XP level 9. HP: 41/68 MP: 10/16
  7846 | D:5      | Identified the +4 war axe "Juokowuo" {chop, rC- MR+ Str+2 SInv} (You took it off an orc on level 4 of the Dungeon)
  7880 | D:5      | Reached skill level 1 in Shields
  7934 | D:5      | Found a shadowy altar of Dithmenos.
  7976 | D:5      | Reached skill level 2 in Shields
  8055 | D:5      | Noticed xhc's ghost (amateur GrEE)
  8073 | D:5      | Killed xhc's ghost
  8073 | D:5      | Reached skill level 6 in Fighting
  8206 | D:5      | Reached skill level 3 in Shields
  8387 | D:5      | Reached skill level 7 in Maces & Flails
  8534 | D:5      | Found a snail-covered altar of Cheibriados.
  8907 | D:6      | Found a sand-covered staircase.
  8958 | Ossuary  | Entered an ossuary
  9009 | Ossuary  | Reached *** piety under Lugonu
  9225 | Ossuary  | Reached skill level 7 in Fighting
  9384 | D:6      | Noticed thefaint94's ghost (novice SpAs)
  9644 | D:6      | Reached skill level 1 in Invocations
  9876 | D:6      | Found a shimmering altar of Xom.
  9952 | D:6      | Reached skill level 2 in Invocations
 10097 | D:6      | Killed thefaint94's ghost
 10097 | D:6      | Reached skill level 8 in Maces & Flails
 10097 | D:6      | Reached skill level 3 in Invocations
 10097 | D:6      | Reached XP level 10. HP: 71/79 MP: 17/17
 10145 | D:6      | Reached skill level 4 in Invocations
 10292 | D:6      | Found a hide-covered altar of Uskayaw.
 10295 | D:6      | Found a glowing golden altar of the Shining One.
 10295 | D:6      | Found a bloodstained altar of Trog.
 10547 | D:6      | Gained mutation: Scrolls take you a little longer to read. [mutagenic meat]
 10548 | D:6      | Gained mutation: Your body sometimes deteriorates upon taking damage. [mutagenic meat]
 10549 | D:6      | Gained mutation: You do not regenerate when monsters are visible. [mutagenic meat]
 10550 | D:6      | Lost mutation: Your body sometimes deteriorates upon taking damage. [potion of mutation]
 10550 | D:6      | Lost mutation: You do not regenerate when monsters are visible. [potion of mutation]
 10550 | D:6      | Gained mutation: You have hoof-like feet. [potion of mutation]
 10550 | D:6      | Lost mutation: Scrolls take you a little longer to read. [potion of mutation]
 10550 | D:6      | Gained mutation: You possess an exceptional clarity of mind. [potion of mutation]
 10550 | D:6      | Gained mutation: You have sharp fingernails. [potion of mutation]
 10970 | D:7      | Reached skill level 5 in Invocations
 10985 | D:7      | Reached skill level 9 in Maces & Flails
 11160 | D:7      | Reached skill level 6 in Invocations
 11204 | D:7      | Reached **** piety under Lugonu
 11558 | D:7      | Reached skill level 7 in Invocations
 11832 | D:7      | Found a shattered altar of Ashenzari.
 12783 | D:8      | Reached skill level 10 in Maces & Flails
 12883 | D:8      | Noticed a two-headed ogre
 12905 | D:8      | Killed a two-headed ogre
 12905 | D:8      | Reached skill level 3 in Conjurations
 12905 | D:8      | Reached skill level 8 in Invocations
 12905 | D:8      | Reached XP level 11. HP: 84/84 MP: 4/18
 13039 | D:8      | Noticed a cyclops
 13397 | D:8      | Noticed a two-headed ogre
 13625 | D:8      | Learned a level 3 spell: Regeneration
 13719 | D:8      | Killed a two-headed ogre
 13719 | D:8      | Reached skill level 4 in Conjurations
 13719 | D:8      | Reached skill level 9 in Invocations
 14485 | D:9      | Reached skill level 5 in Conjurations
 14656 | D:9      | Got an amethyst-encrusted leather armour
 14795 | D:9      | Noticed Erica
 14811 | D:9      | Killed Erica
 14828 | D:9      | Reached skill level 10 in Invocations
 14892 | D:9      | Found a staircase to the Orcish Mines.
 15004 | D:9      | Found Bear's Assorted Antiques.
 15014 | D:9      | Bought a scroll of identify for 60 gold pieces
 15014 | D:9      | Identified the +1 leather armour of the Ecumenical Temple {rPois Dex-5 Slay-5 Stlth+} (You found it on level 9 of the Dungeon)
 15033 | D:9      | Bought a faintly humming leather armour for 210 gold pieces
 15034 | D:9      | Identified the cursed +1 leather armour of the Past {Str+3 Slay+4} (You bought it in a shop on level 9 of the Dungeon)
 15153 | D:9      | Reached ***** piety under Lugonu
 15329 | D:9      | Found a radiant altar of Vehumet.
 15329 | D:9      | Found an ancient bone altar of Kikubaaqudgha.
 15330 | D:9      | Found a deep blue altar of Sif Muna.
 15335 | D:9      | Identified Vehumet's Incunabulum of Attacks
 15417 | D:9      | Noticed a two-headed ogre
 15437 | D:9      | Killed a two-headed ogre
 15437 | D:9      | Reached skill level 6 in Conjurations
 15506 | D:9      | Noticed a centaur warrior
 15519 | D:9      | Killed a centaur warrior
 15690 | D:10     | Entered Level 10 of the Dungeon
 15717 | D:10     | Reached skill level 11 in Invocations
 15825 | D:10     | Reached XP level 12. HP: 81/91 MP: 20/20
 15862 | D:10     | Reached skill level 7 in Conjurations
 15962 | D:10     | Noticed a two-headed ogre
 15974 | D:10     | Killed a two-headed ogre
 15974 | D:10     | Reached skill level 2 in Dodging
 15974 | D:10     | Reached skill level 3 in Stealth
 16135 | D:10     | Noticed a two-headed ogre
 16176 | D:10     | Killed a two-headed ogre
 16408 | D:10     | Reached skill level 8 in Fighting
 16408 | D:10     | Reached skill level 3 in Dodging
 16962 | D:11     | Found a staircase to the Lair.
 17453 | D:11     | Noticed Nattfarinn's ghost (novice CeHu)
 17467 | D:11     | Killed Nattfarinn's ghost
 17654 | D:11     | Got a tiger eye-encrusted leather armour
 17744 | D:11     | Identified the Incunabulum of Creative Translocation
 17833 | D:11     | Noticed a two-headed ogre
 17847 | D:11     | Killed a two-headed ogre
 17847 | D:11     | Reached skill level 4 in Dodging
 17978 | D:11     | Found a sacrificial altar of Ru.
 18744 | D:11     | Cast into level 1 of the Abyss (an apocalypse crab)
 18810 | Abyss:1  | Noticed a tentacled starspawn
 18811 | D:11     | Escaped the Abyss
 18828 | D:11     | Reached skill level 11 in Maces & Flails
 19023 | Lair:1   | Entered Level 1 of the Lair of Beasts
 19023 | Lair:1   | Noticed Grum
 19039 | Lair:1   | Reached skill level 9 in Fighting
 19044 | Lair:1   | Killed Grum
 19412 | Lair:1   | Noticed Gastronok
 19448 | Lair:1   | Killed Gastronok
 19448 | Lair:1   | Reached skill level 5 in Dodging
 19682 | Lair:1   | Reached XP level 13. HP: 100/100 MP: 15/21
 20246 | Lair:2   | Found a staircase to the Swamp.
 20770 | Lair:2   | You fall through a shaft!
 20815 | Lair:3   | Reached skill level 10 in Fighting
 20815 | Lair:3   | Reached skill level 6 in Dodging
 21366 | Lair:2   | Identified 2 scrolls of acquirement
 21419 | Lair:2   | Reached skill level 6 in Poison Magic
 21425 | Lair:2   | Reached skill level 12 in Maces & Flails
 21434 | Lair:2   | Identified the +2 leather armour "Neqoax" {Slay+2} (You found it on level 11 of the Dungeon)
 21579 | Lair:2   | RKaid: !ac 4
 21579 | Lair:2   | beem: 5.5 armour skill per 1 AC for 4 base AC
 22199 | Lair:3   | Noticed Rupert
 22399 | Lair:3   | Banished Rupert
 22835 | Lair:3   | Found a staircase to the Snake Pit.
 22842 | Lair:3   | Reached skill level 7 in Poison Magic
 22867 | Lair:3   | Reached skill level 4 in Shields
 23004 | Lair:3   | Noticed a four-headed hydra
 23012 | Lair:3   | Killed a one-headed hydra
 23459 | Lair:3   | Found a blossoming altar of Fedhas.
 23575 | Lair:4   | Reached skill level 5 in Shields
 23630 | Lair:4   | Reached skill level 11 in Fighting
 23898 | Lair:4   | Reached skill level 6 in Shields
 23907 | Lair:4   | Reached XP level 14. HP: 99/112 MP: 18/22
 24622 | Lair:4   | Reached skill level 12 in Invocations
 24961 | Lair:5   | Reached skill level 7 in Shields
 25398 | Lair:5   | Reached skill level 8 in Shields
 25962 | Lair:5   | Reached skill level 9 in Shields
 26425 | Lair:6   | Entered Level 6 of the Lair of Beasts
 26778 | Lair:6   | Found a runed door.
 26778 | Lair:6   | Found a viscous altar of Jiyva.
 26778 | Lair:6   | Found a staircase to the Slime Pits.
 27210 | Lair:6   | Reached ****** piety under Lugonu
 27210 | Lair:6   | Reached skill level 12 in Fighting
 27242 | Lair:6   | Reached skill level 10 in Shields
 27862 | Lair:6   | RKaid: ??elephant-shaped statue
 27862 | Lair:6   | beem: elephant-shaped statue ~ elephant shaped statue[1/1]: If you kill the anaconda guarding the treasure room, some of these will turn into {dire elephant}s.
 27898 | Lair:6   | Noticed a dire elephant
 27898 | Lair:6   | Noticed a dire elephant
 27900 | Lair:6   | Banished a dire elephant
 27922 | Lair:6   | Killed a dire elephant
 27922 | Lair:6   | Reached skill level 13 in Invocations
 28178 | Lair:6   | RKaid: !ac 5
 28178 | Lair:6   | beem: 4.4 armour skill per 1 AC for 5 base AC
 28189 | Lair:6   | Noticed a dire elephant
 28222 | Lair:6   | Killed a dire elephant
 28458 | Lair:6   | Noticed a dire elephant
 28536 | Lair:4   | Reached skill level 1 in Armour
 28665 | D:11     | Learned a level 4 spell: Cause Fear
 28869 | D:12     | Reached skill level 8 in Poison Magic
 29098 | D:12     | Reached skill level 2 in Armour
 29098 | D:12     | Reached XP level 15. HP: 109/120 MP: 24/24
 30147 | D:13     | You are sucked into a shaft!
 30164 | D:14     | Reached skill level 3 in Armour
 30477 | D:14     | Found a gate to the Vaults.
 30498 | D:14     | Reached skill level 7 in Dodging
 30567 | D:14     | Reached skill level 4 in Armour
 31339 | D:14     | Found a transporter.
 31406 | D:14     | Found a transporter.
 31688 | D:13     | Reached skill level 5 in Armour
 31889 | D:13     | Noticed Josephine
 31904 | D:13     | Killed Josephine
 32353 | D:14     | Reached skill level 8 in Dodging
 32727 | D:15     | Entered Level 15 of the Dungeon
 32748 | D:15     | Noticed Louise
 32752 | D:15     | Cast into level 2 of the Abyss (Louise)
 32769 | Abyss:2  | Noticed a bone dragon
 32813 | D:15     | Escaped the Abyss
 33348 | D:15     | Reached skill level 13 in Maces & Flails
 33604 | D:15     | Found Ceympis's Book Shoppe.
 34299 | Orc:1    | Entered Level 1 of the Orcish Mines
 34449 | Orc:1    | Found Kumerghu's Armour Boutique.
 34454 | Orc:1    | Found Ferom's Book Emporium.
 34609 | Orc:1    | Found a roughly hewn altar of Beogh.
 34703 | Orc:2    | Entered Level 2 of the Orcish Mines
 34844 | Orc:2    | Reached skill level 9 in Dodging
 35159 | Orc:2    | Found Haneskon's Antique Weapon Shop.
 35203 | Orc:2    | Found Ehourch's Antique Weapon Boutique.
 35240 | Orc:2    | Reached XP level 16. HP: 126/126 MP: 21/26
 35263 | Orc:2    | Found a roughly hewn altar of Beogh.
 36263 | Orc:2    | Found a staircase to the Elven Halls.
 37037 | Orc:2    | Found a roughly hewn altar of Beogh.
 37074 | Orc:2    | Found Toaxuupn's Food Boutique.
 37324 | Orc:2    | Found Zimulel's Food Shop.
 37643 | Orc:1    | Reached skill level 13 in Fighting
 38127 | Orc:2    | Reached skill level 14 in Invocations
 38279 | Orc:1    | Bought a +0 large shield of protection for 195 gold pieces
 38998 | D:15     | Reached skill level 14 in Maces & Flails
 38998 | D:15     | Reached skill level 11 in Shields
 39019 | D:15     | Killed Louise
 39517 | D:15     | Found a staircase to the Depths.
 40258 | Swamp:1  | Entered Level 1 of the Swamp
 40833 | Swamp:1  | Reached skill level 12 in Shields
 42076 | Swamp:2  | Found a shattered altar of Ashenzari.
 42339 | Swamp:2  | Reached XP level 17. HP: 136/136 MP: 28/28
 42950 | Swamp:2  | Reached skill level 15 in Invocations
 43091 | Swamp:2  | Noticed a thorn hunter
 43311 | Swamp:2  | Banished a thorn hunter
 43696 | Swamp:2  | Reached skill level 13 in Shields
 44144 | Swamp:3  | Noticed a thorn hunter
 44491 | Swamp:3  | Banished a thorn hunter
 45256 | Swamp:4  | Entered Level 4 of the Swamp
 45907 | Swamp:4  | Reached skill level 14 in Shields
 45951 | Swamp:4  | HP: 34/136 [bog body] (6)]
 46722 | Swamp:4  | Corrupted Swamp:4
 46722 | Swamp:4  | Noticed a black draconian monk
 46722 | Swamp:4  | Noticed an Executioner
 46722 | Swamp:4  | Noticed a tentacled starspawn
 46722 | Swamp:4  | Noticed a profane servitor
 47411 | Snake:1  | Entered Level 1 of the Snake Pit
 48275 | Lair:3   | Reached skill level 15 in Shields
 48597 | Snake:1  | Reached skill level 1 in Hexes
 48751 | Snake:1  | Reached skill level 2 in Hexes
 49320 | Snake:1  | Reached skill level 3 in Hexes
 49860 | Snake:1  | Noticed Roxanne
 49892 | Snake:1  | Reached skill level 15 in Maces & Flails
 50114 | Snake:1  | Reached skill level 4 in Hexes
 50381 | Snake:1  | Found Mygenk's Jewellery Emporium.
 50382 | Snake:1  | Found Omaicyde's Gadget Boutique.
 50390 | Snake:1  | Found Eremubua's Jewellery Emporium.
 50833 | Snake:2  | Reached XP level 18. HP: 127/143 MP: 29/29
 51090 | Snake:2  | Reached skill level 5 in Hexes
 51255 | Snake:2  | RKaid: !ac 9
 51255 | Snake:2  | beem: 2.44 armour skill per 1 AC for 9 base AC
 51485 | Snake:2  | Noticed Vashnia
 53029 | Swamp:4  | Noticed a tentacled monstrosity
 53072 | Swamp:4  | Killed a tentacled monstrosity
 53072 | Swamp:4  | Reached skill level 6 in Armour
 53793 | Swamp:4  | Got a decaying rune of Zot
 54279 | Snake:1  | HP: 36/144 [naga warrior/hand axe (6)]
 54286 | Snake:1  | HP: 32/144 [poisoned by a naga warrior (splash of poison)]
 54294 | Snake:1  | HP: 32/144 [poisoned by a naga warrior (splash of poison)]
 54801 | Snake:2  | Reached skill level 16 in Maces & Flails
 55623 | Snake:2  | Killed Vashnia
 55623 | Snake:2  | Reached skill level 7 in Armour
 57351 | Snake:2  | Reached XP level 19. HP: 108/151 MP: 30/30
 57424 | Snake:1  | HP: 35/151 [nagaraja/whip (3)]
 57446 | Snake:1  | HP: 34/151 [nagaraja/whip (9)]
 57447 | Snake:1  | HP: 12/151 [nagaraja/orb of energy (11)]
 57452 | Snake:1  | HP: 35/151 [nagaraja/whip (1)]
 57960 | Snake:2  | Reached skill level 8 in Armour
 58051 | Snake:3  | Reached skill level 14 in Fighting
 58087 | Snake:2  | HP: 37/152 [anaconda (3)]
 58105 | Snake:2  | HP: 38/152 [poisoned by a nagaraja (bolt of poison)]
 58110 | Snake:2  | HP: 34/152 [poisoned by a nagaraja (bolt of poison)]
 58115 | Snake:2  | HP: 33/152 [poisoned by a nagaraja (bolt of poison)]
 58120 | Snake:1  | HP: 32/152 [poisoned by a nagaraja (bolt of poison)]
 58126 | Snake:1  | HP: 32/152 [poisoned by a nagaraja (bolt of poison)]
 58134 | Snake:1  | HP: 33/152 [poisoned by a nagaraja (bolt of poison)]
 59070 | Orc:1    | Bought the +1 cloak of Starlight {rElec rC+ EV+4 Stlth--} for 756 gold pieces
 59155 | Orc:2    | Bought a royal jelly for 22 gold pieces
 59155 | Orc:2    | Bought a royal jelly for 22 gold pieces
 59155 | Orc:2    | Bought a royal jelly for 22 gold pieces
 59156 | Orc:2    | Bought a royal jelly for 22 gold pieces
 59156 | Orc:2    | Bought a royal jelly for 22 gold pieces
 60425 | Snake:2  | Reached skill level 16 in Invocations
 60442 | Snake:3  | Reached skill level 17 in Maces & Flails
 61425 | Snake:3  | Reached skill level 9 in Armour
 62154 | Snake:4  | Entered Level 4 of the Snake Pit
 63260 | Snake:4  | Found Pumeagao's Weapon Emporium.
 63896 | Snake:4  | Reached skill level 18 in Maces & Flails
 63971 | Snake:4  | Reached skill level 10 in Armour
 64027 | Snake:4  | Reached XP level 20. HP: 75/159 MP: 32/32
 65604 | Snake:4  | Noticed Agnes
 65634 | Snake:4  | Killed Agnes
 66038 | Snake:4  | Got a serpentine rune of Zot
 66509 | Vaults:1 | Entered Level 1 of the Vaults
 66678 | Vaults:1 | Reached skill level 19 in Maces & Flails
 66835 | Vaults:1 | Reached skill level 15 in Fighting
 67757 | Vaults:1 | Found Bennomn's Gadget Emporium.
 68037 | Vaults:1 | HP: 34/162 [vault warden/long sword of holy wrath (27)]
 68042 | Vaults:1 | HP: 27/162 [poisoned by an ogre mage (bolt of poison)]
 68058 | Vaults:1 | HP: 30/162 [harpy (shapeshifter) (9)]
 68077 | Vaults:1 | Corrupted Vaults:1
 69311 | Vaults:2 | Reached XP level 21. HP: 128/169 MP: 28/33
 69552 | Vaults:2 | HP: 18/169 [deep elf death mage/bolt of negative energy[an ironheart preserver] (41)]
 69563 | Vaults:2 | HP: 41/169 [cloud of noxious fumes (1)]
 70384 | Vaults:2 | Reached skill level 20 in Maces & Flails
 70969 | Vaults:2 | Reached skill level 6 in Spellcasting
 71514 | Vaults:2 | Reached skill level 1 in Staves
 71691 | Vaults:2 | Learned a level 2 spell: Swiftness
 71694 | Vaults:2 | Learned a level 2 spell: Passwall
 72221 | Vaults:3 | Reached skill level 11 in Armour
 72852 | Vaults:3 | RKaid: !ac 9
 72852 | Vaults:3 | beem: 2.44 armour skill per 1 AC for 9 base AC
 73009 | Vaults:3 | Reached skill level 17 in Invocations
 73302 | Vaults:3 | Reached skill level 12 in Armour
 74081 | Vaults:3 | Found a basalt altar of Yredelemnul.
 74095 | Vaults:3 | Found a staircase to the Crypt.
 74284 | Vaults:3 | Reached XP level 22. HP: 176/176 MP: 34/34
 74811 | Vaults:4 | HP: 32/176 [flayed ghost/flay_damage (19)]
 74816 | Vaults:3 | Shot with a bolt by a yaktaur captain

Skill      XL: |  1  2  3  4  5  6  7  8  9 10 11 12 13 14 15 16 17 18 19 20 21 |
---------------+----------------------------------------------------------------+-----
Conjurations   | 1 2 3 6 7 |  7.0
Fighting       | 1 2 4 5 7 9 11 12 13 14 15 | 15.5
Air Magic      | 1 2 |  2.3
Spellcasting   | 3 4 5 6 |  6.0
Maces & Flails | 2 3 6 8 10 11 12 13 14 15 16 18 19 20 | 20.0
Poison Magic   | 5 7 8 |  8.3
Shields        | 3 6 10 12 15 | 15.0
Invocations    | 3 8 11 13 14 15 16 17 | 17.8
Dodging        | 5 6 9 |  9.0
Stealth        | 3 |  3.0
Armour         | 2 5 7 10 12 | 12.5
Hexes          | 4 5 |  5.0
Staves         | 1 |  1.5

Action                   |  1- 3 |  4- 6 |  7- 9 | 10-12 | 13-15 | 16-18 | 19-21 | 22-24 || total
-------------------------+-------+-------+-------+-------+-------+-------+-------+-------++-------
Melee: Whip              |    19 |    46 |       |   354 |   931 |    29 |       |       ||  1379
       Mace              |       |    35 |   194 |    72 |    61 |     2 |       |       ||   364
       Kick              |       |     3 |    76 |   118 |   253 |       |       |       ||   450
       Hand axe          |       |       |   123 |    29 |    25 |       |       |       ||   177
       Flail             |       |       |       |       |   272 |  1207 |       |       ||  1479
       Great mace        |       |       |       |       |    13 |  1200 |  1497 |    48 ||  2758
       Lajatang          |       |       |       |       |       |       |   765 |       ||   765
 Fire: Hunting sling     |       |       |       |     4 |       |       |       |       ||     4
Throw: Stone             |       |       |     1 |       |       |       |       |       ||     1
       Javelin           |       |       |       |       |     9 |     3 |       |       ||    12
 Cast: Sting             |    61 |   104 |   172 |   296 |   211 |    15 |     3 |       ||   862
       Poisonous Vapours |       |     4 |    17 |    38 |    78 |    37 |    15 |       ||   189
       Mephitic Cloud    |       |       |       |    20 |    28 |    11 |    15 |       ||    74
       Venom Bolt        |       |       |       |     1 |    11 |     8 |     4 |       ||    24
       Olgreb's Toxic Ra |       |       |       |       |    14 |    29 |    32 |     1 ||    76
       Regeneration      |       |       |       |       |     2 |     5 |     4 |       ||    11
       Cause Fear        |       |       |       |       |       |       |     3 |       ||     3
Invok: Bend Space        |       |       |     1 |     1 |    14 |    12 |     7 |       ||    35
       Depart the Abyss  |       |       |       |     1 |     1 |       |       |       ||     2
       Banish            |       |       |       |       |     5 |    39 |     9 |       ||    53
       Corrupt           |       |       |       |       |       |     1 |     1 |       ||     2
 Abil: Dig               |       |       |     1 |     5 |    16 |    16 |    18 |       ||    56
Evoke: Wand              |       |       |       |     5 |     5 |     5 |     1 |       ||    16
       Fan of gales      |       |       |       |       |       |     1 |     1 |       ||     2
  Use: Scroll            |     1 |     1 |     8 |    15 |     9 |     3 |    12 |       ||    49
       Potion            |       |       |       |     2 |     1 |    11 |     9 |       ||    23
 Stab: Sleeping          |       |       |     3 |       |     1 |     7 |       |       ||    11
       Confused          |       |       |       |     1 |    14 |     7 |     7 |       ||    29
       Distracted        |       |       |       |       |       |     1 |       |       ||     1
  Eat: Chunk             |     3 |    14 |     8 |    27 |    28 |    24 |    18 |       ||   122
       Meat ration       |       |       |     2 |       |       |     5 |     3 |       ||    10
       Royal jelly       |       |       |       |     4 |     7 |     4 |     6 |       ||    21
       Fruit             |       |       |       |     3 |     6 |     8 |     3 |       ||    20
       Bread ration      |       |       |       |       |     3 |     8 |     5 |       ||    16
Armor: Robe              |    13 |    64 |    99 |    59 |       |       |       |       ||   235
       Leather armour    |       |       |       |    43 |   124 |    81 |       |       ||   248
       Troll leather arm |       |       |       |     8 |       |       |       |       ||     8
       Skin              |       |       |       |    36 |       |       |       |       ||    36
       Swamp dragon scal |       |       |       |       |       |   383 |   164 |       ||   547
       Acid dragon scale |       |       |       |       |       |       |   120 |     3 ||   123
Dodge: Dodged            |    39 |    98 |   190 |   317 |   392 |   924 |   798 |    16 ||  2774
Block: Buckler           |       |       |    24 |    92 |    12 |       |       |       ||   128
       Shield            |       |       |       |       |   459 |   109 |       |       ||   568
       Large shield      |       |       |       |       |       |  1935 |  1900 |    30 ||  3865

Table legend:
 A = Turns spent in this place as a percentage of turns spent in the entire game.
 B = Non-inter-level travel turns spent in this place as a percentage of non-inter-level travel turns spent in the entire game.
 C = Inter-level travel turns spent in this place as a percentage of turns spent in this place.
 D = Turns resting spent in this place as a percentage of non-inter-level travel turns spent in this place.
 E = Turns spent auto-exploring this place as a percentage of non-inter-level travel turns spent in this place.
 F = Non-inter-level travel turns spent in this place divided by the number of levels of this place that you've seen.
                   A       B       C       D       E      F
               +-------+-------+-------+-------+-------+----------------------
         Total | 100.0 | 100.0 |   0.6 |   5.5 |   3.5 | 582.8
       Dungeon |  32.5 |  32.4 |   0.7 |   5.9 |   4.6 | 491.4
        Temple |   0.1 |   0.1 |   0.0 |   0.0 |  11.5 |  26.0
          Lair |  14.5 |  14.4 |   0.8 |   4.8 |   3.2 | 546.3
         Swamp |  12.3 |  12.3 |   0.6 |   4.6 |   2.8 | 697.8
     Snake Pit |  20.4 |  20.4 |   0.5 |   7.4 |   1.4 | 1159.2
  Orcish Mines |   6.6 |   6.6 |   0.5 |   4.7 |   5.2 | 748.0
        Vaults |  12.5 |  12.6 |   0.5 |   3.9 |   4.0 | 713.8
         Abyss |   0.3 |   0.3 |   0.0 |  13.8 |   0.0 |  29.0
       Ossuary |   0.9 |   1.0 |   0.0 |   4.6 |   0.9 | 217.0
               +-------+-------+-------+-------+-------+----------------------

Table legend:
 A = Kills in this place as a percentage of kills in entire the game.
 B = Kills by you in this place as a percentage of kills by you in the entire game.
 C = Kills by friends in this place as a percentage of kills by friends in the entire game.
 D = Other kills in this place as a percentage of other kills in the entire game.
 E = Experience gained in this place as a percentage of experience gained in the entire game.
 F = Experience gained in this place divided by the number of levels of this place that you have seen.
                   A       B       C       D       E      F
               +-------+-------+-------+-------+-------+----------------------
         Total | 100.0 | 100.0 | 100.0 | 100.0 | 100.0 | 12952.5
       Dungeon |  33.1 |  33.7 |   0.0 |  19.4 |  14.3 | 4810.7
          Lair |  10.0 |  10.0 |  50.0 |   6.5 |   9.9 | 8355.7
         Swamp |  10.9 |  10.2 |  50.0 |  25.8 |  12.8 | 16115.5
     Snake Pit |  16.9 |  16.6 |   0.0 |  24.2 |  31.1 | 39313.0
  Orcish Mines |  12.9 |  13.3 |   0.0 |   4.8 |   4.7 | 11779.0
        Vaults |  15.3 |  15.1 |   0.0 |  19.4 |  27.2 | 34356.5
       Ossuary |   1.0 |   1.1 |   0.0 |   0.0 |   0.0 | 156.0
               +-------+-------+-------+-------+-------+----------------------
